 Dungeon Crawl Stone Soup version 0.30-b1-2-g02819fbbbe (webtiles) character file.

Game seed: 8664828060645996794

1285 Arcadio the Covert (level 8, 0/40 HPs)
             Began as a Spriggan Brigand on May 20, 2023.
             Was an Initiate of Ashenzari.
             Succumbed to a scorpion's poison
             ... on level 6 of the Dungeon.
             The game lasted 00:24:11 (7399 turns).

Arcadio the Covert (Spriggan Brigand)               Turns: 7399, Time: 00:24:11

Health: 0/40       AC:  5    Str:  7    XL:     8   Next: 29%
Magic:  9/9        EV: 22    Int: 13    God:    Ashenzari [......]
Gold:   54         SH:  0    Dex: 18    Spells: 7/7 levels left

rFire   . . .        h - +2 dagger (flame)
rCold   . . .        (no shield)
rNeg    . . .        C - +2 robe {Archmagi}
rPois   .            (helmet restricted)
rElec   .            c - +0 cloak "Tethered Dismay" {Bglg, Range} (curse)
rCorr   .            (gloves unavailable)
SInv    +            (boots unavailable)
Will    +....        (no amulet)
Stlth   +++++        E - +4 ring of slaying
HPRegen 0.26/turn    (no ring)
MPRegen 0.11/turn

%: archmagi
@: lethally poisoned (0 -> -4), about to teleport, very quick
A: very small, no large weapons, unfitting armour, see invisible, speed 3
a: Renounce Religion, Curse Item, Shatter the Chains


You were on level 6 of the Dungeon.
You worshipped Ashenzari.
Ashenzari was noncommittal.
You visited 2 branches of the dungeon, and saw 7 of its levels.
You also visited: Sewer.

You collected 1068 gold pieces.
You spent 1014 gold pieces at shops.

Inventory:

Hand Weapons
 a - a +2 dagger
 h - a +2 dagger of flaming (weapon)
 n - a +2 antimagic short sword
 A - a +1 heavy flail
Missiles
 d - 9 poisoned darts (quivered)
 e - 3 curare-tipped darts
 f - 2 throwing nets
Armour
 b - a +0 robe
 c - the cursed +0 cloak "Tethered Dismay" (worn) {Bglg, Range}

   It has a curse which improves the following skills: Beguiling: Conjurations,
   Hexes and Translocations.
   Ranged Combat: Ranged Weapons and Throwing.
 C - a +2 robe of the Archmagi (worn)
Jewellery
 z - a ring of fire
 E - a +4 ring of slaying (left hand)
Wands
 w - a wand of charming (19)
 y - a wand of roots (4)
 D - a wand of light (9)
Scrolls
 g - 2 scrolls of teleportation
 i - 2 scrolls of summoning {unknown}
 o - 3 scrolls of fog
 p - 2 scrolls of noise {unknown}
 q - a scroll of silence {unknown}
 s - 2 scrolls of torment {unknown}
 u - a scroll of enchant armour {unknown}
 v - 3 scrolls of immolation {unknown}
Potions
 j - a potion of attraction
 k - a potion of cancellation
 l - 2 potions of flight
 m - a potion of mutation
 r - 2 potions of curing {unknown}
 t - a potion of heal wounds
 x - 4 potions of haste {unknown}
 B - a potion of invisibility {unknown}


   Skills:
 - Level 3.5 Fighting
 + Level 5.1 Short Blades
 - Level 2.0(2.3) Throwing
 + Level 7.6 Dodging
 + Level 10.7 Stealth


You had 7 spell levels left.
You didn't know any spells.
Your spell library contained the following spells:

 Spells                   Type           Power      Damage    Failure   Level
 Magic Dart               Conj           0%         1d3       30%         1
 Searing Ray              Conj           0%         2d4       43%         2
 Portal Projectile        Hex/Tloc       0%         N/A       67%         3
 Tukima's Dance           Hex            0%         N/A       67%         3
 Fulminant Prism          Conj/Hex       0%         3d5       97%         4
 Blade Hands              Tmut           0%         N/A       100%        5


Dungeon Overview and Level Annotations

Branches:
Dungeon (6/15) Zot: 25301  Temple (1/1) D:4 Zot: 5774   Sewer (visited)

Altars:
Ashenzari
Cheibriados
Dithmenos
Elyvilon
Fedhas
Gozag
Hepliaklqana
Kikubaaqudgha
Makhleb
Okawaru
Qazlal
Ru
Sif Muna
Trog
Uskayaw
Vehumet
Wu Jian
Xom
Yredelemnul
Zin
The Shining One

Shops:
D:4 =

Annotations:
D:2 Robin
D:6 Dowan, Duvessa, Maggie


Innate Abilities, Weirdness & Mutations

You are very small and have problems with some larger weapons.
You are too small for most types of armour.
You have supernaturally acute eyesight. (SInv)
You cover ground extremely quickly. (Speed+++)


Message History

Maggie misses you.
You hit Maggie. You burn Maggie.
Maggie is moderately wounded.
Maggie closely misses you.
You closely miss Maggie.
Maggie is moderately wounded.
You hit Maggie but do no damage.
Maggie is moderately wounded.
Maggie completely misses you.
You hit Maggie. You burn Maggie.
Maggie is heavily wounded.
Maggie hits you with a +0 glaive!
You closely miss Maggie.
Maggie is heavily wounded.
You break out of your daze.
The scorpion misses you.
You feel much better. Maggie hits you with a +0 glaive!
The scorpion stings you.
You closely miss Maggie.
Maggie is heavily wounded.
Maggie closely misses you. The scorpion completely misses you.
You hit Maggie. You burn Maggie.
Maggie is heavily wounded.
Maggie practices a pose.
Maggie misses you. The scorpion stings you.
You are poisoned.
The scorpion poisons you!
You completely miss Maggie.
Maggie is heavily wounded.
You feel sick.
Maggie points at you and mumbles some strange words.
The bolt of fire hits you!!
Ouch! That really hurt!
* * * LOW HITPOINT WARNING * * *
As you read the scroll of teleportation, it crumbles to dust.
You feel strangely unstable.
* * * LOW HITPOINT WARNING * * *
You feel sick. The scorpion completely misses you.
The scorpion closely misses you. Maggie completely misses you.
You die...

##.#######.# #......##..# ###
#..###.#.#.#####..
###..###............
#........###.#####.. #.#..##..#
#.# #.. #.#..#...###.#####.. ###
#.#@s........#...... ##.##
#.#@###..#####.###.# ##.#.###.#)#
#............#
#.#......#.##..........####
########...#####.#.#...c###....ss
..........## #.!.##.#..# #..####
.........######..###....# #..#
.................# ####.# #.s#
.........######..# ####.###s)#
..>......######..............#


You could see Maggie and a scorpion.

Vanquished Creatures
  Pargi (Sewer)
  A black bear (D:6)
  An ice beast (D:6)
  A sky beast (D:5)
  2 centaurs
  A howler monkey (D:4)
  An orc priest (D:4)
  3 jellies
  2 hounds (D:4)
  2 gnoll boudas (D:5)
  2 iguanas
  3 orc wizards (D:5)
  10 adders
  8 gnolls
  A shadow imp (D:4)
  2 dart slugs
  11 orcs
  3 ball pythons
  2 bats
  5 endoplasms
  6 giant cockroaches
  12 goblins
  7 hobgoblins
  13 kobolds
  4 quokkas
  3 frilled lizards
  7 rats
114 creatures vanquished.

Vanquished Creatures (collateral kills)
  A jelly (D:5)
  An orc wizard (D:5)
2 creatures vanquished.

Vanquished Creatures (others)
  2 water moccasins (D:5)
  An orc wizard (D:5)
3 creatures vanquished.

Grand Total: 119 creatures vanquished

Notes
Turn   | Place    | Note
-------+----------+-------------------------------------------
     0 | D:1      | Arcadio the Spriggan Brigand began the quest for the Orb.
     0 | D:1      | Reached XP level 1. HP: 10/10 MP: 2/2
    87 | D:1      | Reached skill level 6 in Stealth
   198 | D:1      | Reached XP level 2. HP: 14/14 MP: 3/3
   938 | D:2      | Reached XP level 3. HP: 18/18 MP: 4/4
  1023 | D:2      | Noticed Robin
  1643 | D:3      | Reached XP level 4. HP: 22/22 MP: 5/5
  1981 | D:3      | Reached skill level 7 in Stealth
  2583 | D:4      | Reached XP level 5. HP: 25/25 MP: 6/6
  2719 | D:4      | Identified a scroll of acquirement
  2720 | D:4      | Acquired 716 gold pieces
  2736 | D:4      | Found Vailuiv's Jewellery Shop.
  2862 | D:4      | Found a staircase to the Ecumenical Temple.
  2875 | Temple   | Entered the Ecumenical Temple
  3176 | Temple   | Became a worshipper of Ashenzari the Shackled
  3430 | D:4      | Found a shimmering altar of Xom.
  3437 | D:4      | Found a shadowy altar of Dithmenos.
  3665 | D:5      | Entered Level 5 of the Dungeon
  3674 | D:5      | Reached skill level 8 in Stealth
  3717 | D:5      | Noticed a water moccasin
  3721 | D:5      | Found a glowing drain.
  3745 | D:5      | Reached XP level 6. HP: 28/30 MP: 7/7
  3769 | Sewer    | Entered a sewer
  3894 | Sewer    | Noticed Pargi
  3896 | Sewer    | Killed Pargi
  3897 | Sewer    | Reached skill level 5 in Dodging
  3930 | D:5      | Found a white marble altar of Elyvilon.
  4146 | D:5      | Noticed a water moccasin
  4169 | D:5      | Reached XP level 7. HP: 35/35 MP: 8/8
  4229 | D:5      | Reached skill level 9 in Stealth
  5812 | D:6      | Noticed Duvessa
  5812 | D:6      | Noticed Dowan
  5841 | D:6      | Reached skill level 10 in Stealth
  6019 | D:5      | Reached XP level 8. HP: 40/40 MP: 9/9
  6823 | D:6      | Found a bloodstained altar of Trog.
  7118 | D:6      | Reached skill level 5 in Short Blades
  7232 | D:6      | Noticed Maggie
  7301 | D:4      | Bought a +4 ring of slaying for 1014 gold pieces
  7397 | D:6      | HP: 1/40 [Maggie/bolt of fire (21)]
  7399 | D:6      | Succumbed to a scorpion's poison

Illustrated notes

Levels and vault maps discovered:
D:1:      dpeg_arrival_court, layout_loops_ring
D:2:      layout_basic, uniq_robin
D:3:      layout_basic, hangedman_decor_slide_cut,
          minmay_misc_feat_secret_circle, chequers_serial_rivers_micro_d,
          minmay_three_crescents
D:4:      layout_loops_corners, amethyst_overflow_temple_binary,
          minmay_temple_entry_proselytizer, serial_shops, shop, st_stairs_14
D:5:      layout_rooms, overflow_temple_1_default, portal_sewer_entry_f,
          nrook_pool_corridor
D:6:      layout_loops_ring, mainiacjoe_overflow_six_doors_small,
          grunt_ministairs_8, uniq_duvessa, uniq_maggie
Temple:   minmay_temple_bridge_d

Skill      XL: |  1  2  3  4  5  6  7  8 |
---------------+-------------------------+-----
Stealth        | 6 7 8 10 | 10.7
Dodging        | 2 3 4 5 7 |  7.6
Short Blades   | 3 4 5 |  5.1
Fighting       | 2 3 |  3.5
Throwing       | |  2.0

Action                     |  1- 3 |  4- 6 |  7- 9 || total
---------------------------+-------+-------+-------++-------
  Melee: Dagger            |   109 |   114 |   400 ||   623
         Punch             |     1 |     1 |     7 ||     9
 Invoke: Curse Item        |       |     1 |       ||     1
  Evoke: Wand              |       |     2 |     4 ||     6
    Use: Scroll            |     1 |     9 |     1 ||    11
         Potion            |       |       |     1 ||     1
   Stab: Sleeping          |    15 |    19 |     4 ||    38
         Distracted        |       |     1 |       ||     1
 Armour: Robe              |    12 |    10 |    20 ||    42
  Dodge: Dodged            |    50 |    74 |   272 ||   396
